 Dungeon Crawl Stone Soup version 0.31.0-11-ge490571c62 (webtiles) character file.

Game seed: 5447072192353518914

12674 KKCryptic the Carver (level 11, -19/81 HPs)
             Began as a Merfolk Hunter on Jan 28, 2024.
             Was a Believer of Nemelex Xobeh.
             Demolished by an ogre
             ... wielding a +0 giant club
             ... led by Lodul
              (20 damage)
             ... on level 11 of the Dungeon on Jan 29, 2024.
             The game lasted 01:32:47 (12464 turns).

KKCryptic the Carver (Merfolk Hunter)              Turns: 12464, Time: 01:32:47

Health: -19/81     AC: 12    Str: 11    XL:     11   Next: 97%
Magic:  14/14      EV: 20    Int: 11    God:    Nemelex Xobeh [**....]
Gold:   514        SH:  5    Dex: 20    Spells: 10/10 levels left

rFire   . . .        a - +4 great sword (venom)
rCold   . . .        (shield currently unavailable)
rNeg    . . .        x - +1 acid dragon scales
rPois   .            t - +1 helmet
rElec   +            U - +0 cloak of the Untouchables {rElec}
rCorr   +            (no gloves)
SInv    +            j - +1 pair of boots
Will    .....        F - amulet of reflection
Stlth   ++           T - ring of see invisible
HPRegen 0.33/turn    g - +5 ring of evasion
MPRegen 0.14/turn

%: reflection
@: no status effects
A: (nimble swimmer 2), mertail
a: Renounce Religion, Draw Escape, Draw Destruction, Draw Summoning


You were on level 11 of the Dungeon.
You worshipped Nemelex Xobeh.
Nemelex Xobeh was pleased with you.
You visited 2 branches of the dungeon, and saw 14 of its levels.

You collected 754 gold pieces.
You spent 240 gold pieces at shops.

Inventory:

Hand Weapons
 a - a +4 great sword of venom (weapon)
 b - a +4 sling of freezing
 c - a +0 dagger of distortion
 C - a +1 dagger of venom
 M - a +1 long sword of protection
Missiles
 p - 3 darts of dispersal
 A - a throwing net
Armour
 j - a +1 pair of boots (worn)
 t - a +1 helmet (worn)
 x - +1 acid dragon scales (worn)
 y - the +0 ring mail of the Jackfruit {Str+3 Int+2}
   (You found it on level 5 of the Dungeon)

   Str+3:     It affects your strength (+3).
   Int+2:     It affects your intelligence (+2).
 Q - a +1 cloak
 U - the +0 cloak of the Untouchables (worn) {rElec}
   (You found it on level 11 of the Dungeon)

   rElec:     It insulates you from electricity.
Jewellery
 g - a +5 ring of evasion (right hand)
 i - a ring of magical power
 F - an amulet of reflection (around neck)
 R - a ring of flight
 T - a ring of see invisible (left hand)
Talismans
 S - a serpent talisman
Wands
 m - a wand of paralysis (20)
 o - a wand of quicksilver (3)
 v - a wand of flame (8)
 I - a wand of digging (2)
 N - a wand of mindburst (6)
 O - a wand of polymorph (3)
Scrolls
 k - 5 scrolls of teleportation
 l - 3 scrolls of noise
 s - 2 scrolls of fog
 B - 3 scrolls of torment
 H - a scroll of enchant weapon
 K - a scroll of vulnerability
 L - a scroll of poison
Potions
 d - a potion of mutation
 e - a potion of lignification
 h - 2 potions of curing
 n - 2 potions of ambrosia
 q - 2 potions of magic
 r - a potion of haste {unknown}
 u - a potion of might
 z - a potion of cancellation
 J - 2 potions of enlightenment
Miscellaneous
 f - a box of beasts
 w - a condenser vane


   Skills:
 - Level 6.0 Fighting
 * Level 14.8 Long Blades
 - Level 8.7 Ranged Weapons
 - Level 1.0 Armour
 + Level 6.5 Dodging
 + Level 2.0 Stealth
 - Level 5.0 Invocations
 - Level 5.1 Evocations


You had 10 spell levels left.
You didn't know any spells.
Your spell library contained the following spells:

 Spells                   Type           Power      Damage    Failure   Level
 Frozen Ramparts          Ice            0%         1d1       86%         3
 Gell's Gravitas          Tloc           0%         N/A       86%         3
 Teleport Other           Tloc           0%         N/A       86%         3
 Volatile Blastmotes      Fire/Tloc      0%         2d10      86%         3
 Fulminant Prism          Conj/Alch      0%         3d5       99%         4
 Iskenderun's Mystic Bla  Conj/Tloc      0%         2d3       99%         4
 Leda's Liquefaction      Alch/Erth      0%         N/A       99%         4
 Petrify                  Alch/Erth      0%         N/A       99%         4
 Metabolic Englaciation   Hex/Ice        0%         N/A       100%        5
 Dispersal                Tloc           0%         N/A       100%        6


Dungeon Overview and Level Annotations

Branches:
Dungeon (13/15)            Temple (1/1) D:6            Lair (0/5) D:8
    Orc (0/2) D:11
 Vaults: D:13-14

Altars:
Ashenzari
Cheibriados
Dithmenos
Elyvilon
Fedhas
Gozag
Hepliaklqana
Kikubaaqudgha
Makhleb
Nemelex Xobeh
Okawaru
Qazlal
Ru
Sif Muna
Trog
Uskayaw
Vehumet
Wu Jian
Xom
Yredelemnul
Zin
The Shining One

Shops:
D:2 *   D:9 *

Annotations:
D:4 3 runed translucent doors, Bediveer's ghost, novice OpHu
D:8 2 transporters, Pooter's ghost, novice MiBe
D:10 exclusion: orange crystal statue
D:12 Lodul


Innate Abilities, Weirdness & Mutations

((You are very nimble when in or above water. (Stealth+, EV+, Speed+++)))
Your lower body shifts to a powerful aquatic tail in water.


Message History

Things that are here:
a +0 orcbow; a centaur corpse You hit the boulder beetle.
The boulder beetle is poisoned.
The boulder beetle is lightly wounded.
The boulder beetle bites you!! The boulder beetle bites you.
* * * LOW HITPOINT WARNING * * *
The boulder beetle bites you!
* * * LOW HITPOINT WARNING * * *
Blink to where?
Press: ? - help, Dir - move target
As you read the scroll of blinking, it crumbles to dust.
There is an open door here.
You close the door.
You feel yourself speed up.
You feel your willpower return.
There is a stone staircase leading up here.
You climb upwards.
The ogre shouts! x4
Found a stone staircase leading up.
There is a stone staircase leading down here.
Okay, then.
As you read the scroll of fog, it dissolves into smoke.
The ogre closely misses you. Lodul closely misses you.
A slime creature comes into view.
The ogre misses you. x2
The ogre hits you with a +0 giant club.
* * * LOW HITPOINT WARNING * * *
The ogre attacks as it pursues you! The ogre misses you.
The ogre closely misses you.
There is a stone staircase leading up here.
You block the ogre's attack.
You climb upwards.
There is a stone staircase leading down, spattered with blood here.
Okay, then.
You draw a card...
You have drawn the Tomb.
Nothing appears to happen.
The ogre hits you with a +0 giant spiked club!
* * * LOW HITPOINT WARNING * * *
The ogre hits you with a +0 giant club!!
You die...
Your body glows slightly and disappears.

#.#..# #.######.##
#.##.#### #.........)
#.##....## ########.##
#.#####..# ##....# #.#
##.#### ###..#### #.#
#....### ######...## #.#
####...#####......###
#.###########..##O..######
...............O@O.....##
######################..#
..........# ##.#
#########.# #.# #### #.#
#.## ...# #.# #..##
...######.# ##..#
).)').....# ##.#
..)######### ### ###
####.#


You could see 3 ogres.

Vanquished Creatures
  Fannar (D:10)
  A centaur warrior (D:13)
  A two-headed ogre (D:8)
  A manticore (D:11)
  Joseph (D:7)
  A gargoyle (D:10)
  An unseen horror (D:11)
  2 komodo dragons
  A kobold demonologist (D:10)
  2 trolls
  A wyvern (D:10)
  3 wraiths
  14 yaks (D:11)
  A warg (D:8)
  A steam dragon (D:8)
  3 vampire mosquitoes (D:11)
  2 acid dragons (D:10)
  A water moccasin (D:7)
  2 hornet zombies (D:6)
  9 orc warriors
  An ice beast (D:8)
  2 sky beasts
  2 black bears (D:6)
  3 ogres (D:6)
  2 wolves (D:8)
  A centaur (D:9)
  A phantom (D:6)
  5 kobold brigands
  4 bullfrogs
  A wyvern zombie (D:6)
  A scorpion (D:6)
  A wyvern skeleton (D:6)
  6 wights
  4 howler monkeys (D:11)
  3 bullfrog zombies (D:6)
  2 centaur zombies (D:6)
  A hound (D:7)
  A human zombie (D:6)
  A bombardier beetle (D:3)
  2 gnoll boudas
  11 orc priests
  A sleepcap (D:7)
  6 iguanas
  Terence (D:2)
  14 orc wizards
  A killer bee zombie (D:6)
  7 adders
  14 gnolls
  2 shadow imps
  2 white imps
  4 ufetubi
  2 dart slugs
  3 ribbon worms
  36 orcs
  5 endoplasms
  2 giant cockroaches
  6 goblins
  9 hobgoblins
  6 jackals
  4 quokkas
  11 ball pythons
  7 bats
  2 frilled lizards (D:7)
  30 kobolds
  4 rats
283 creatures vanquished.

Vanquished Creatures (others)
  An orc wizard (D:6)
1 creature vanquished.

Grand Total: 284 creatures vanquished

Notes
Turn   | Place    | Note
-------+----------+-------------------------------------------
     0 | D:1      | KKCryptic the Merfolk Hunter began the quest for the Orb.
     0 | D:1      | Reached XP level 1. HP: 16/16 MP: 1/1
   122 | D:1      | Reached XP level 2. HP: 22/22 MP: 2/2
   395 | D:1      | Reached XP level 3. HP: 27/27 MP: 3/3
   744 | D:2      | Reached XP level 4. HP: 23/33 MP: 4/4
   936 | D:2      | Noticed Terence
  1002 | D:2      | Killed Terence
  1011 | D:2      | Reached skill level 1 in Armour
  1011 | D:2      | Reached XP level 5. HP: 7/38 MP: 5/5
  1516 | D:2      | Found a transporter.
  1516 | D:2      | Found Jiwo's Assorted Antiques.
  1591 | D:2      | Found a transporter.
  1676 | D:3      | Reached skill level 5 in Ranged Weapons
  1966 | D:3      | Found a glowing golden altar of the Shining One.
  2178 | D:3      | Found a glowing silver altar of Zin.
  2572 | D:4      | Reached XP level 6. HP: 13/47 MP: 6/6
  2826 | D:4      | Found a shimmering altar of Xom.
  2917 | D:4      | Reached skill level 1 in Long Blades
  3003 | D:4      | Found a runed translucent gate.
  3003 | D:4      | Found a runed translucent gate.
  3003 | D:4      | Found a runed translucent gate.
  3006 | D:4      | Noticed Bediveer's ghost (novice OpHu)
  3036 | D:4      | Noticed a black bear
  3347 | D:2      | Bought a glowing helmet for 187 gold pieces
  3450 | D:5      | Entered Level 5 of the Dungeon
  3559 | D:5      | Reached skill level 2 in Long Blades
  3577 | D:5      | Identified the +0 ring mail of the Jackfruit {Str+3 Int+2}
  3690 | D:5      | Noticed an ice beast
  3700 | D:6      | Found a stormy altar of Qazlal.
  3708 | D:6      | Noticed a black bear
  3727 | D:6      | Killed a black bear
  3728 | D:6      | Reached XP level 7. HP: 38/52 MP: 7/7
  3767 | D:6      | Reached skill level 3 in Long Blades
  3767 | D:6      | Reached skill level 5 in Dodging
  3815 | D:6      | Found a blossoming altar of Fedhas.
  3845 | D:6      | Reached skill level 4 in Long Blades
  3902 | D:6      | Reached skill level 5 in Long Blades
  3943 | D:6      | Found a shadowy altar of Dithmenos.
  3944 | D:6      | Found a staircase to the Ecumenical Temple.
  3966 | D:6      | Reached skill level 6 in Long Blades
  4085 | D:6      | Reached XP level 8. HP: 50/58 MP: 8/8
  4133 | D:6      | Reached skill level 7 in Long Blades
  4305 | D:6      | Reached skill level 8 in Long Blades
  4674 | D:6      | Reached skill level 9 in Long Blades
  4780 | D:6      | Found an ancient bone altar of Kikubaaqudgha.
  4809 | D:6      | Reached skill level 10 in Long Blades
  4942 | D:6      | Reached XP level 9. HP: 63/63 MP: 9/9
  5058 | Temple   | Entered the Ecumenical Temple
  5205 | D:7      | Noticed Joseph
  5229 | D:7      | Killed Joseph
  5463 | D:7      | Reached skill level 5 in Fighting
  5794 | D:7      | Found a burning altar of Makhleb.
  5802 | D:7      | Found a shimmering blue altar of Sif Muna.
  5802 | D:7      | Found a white marble altar of Elyvilon.
  5804 | D:7      | Found a radiant altar of Vehumet.
  5882 | Temple   | Became a worshipper of Nemelex Xobeh the Trickster
  5986 | D:7      | Noticed a komodo dragon
  6156 | D:7      | Killed a komodo dragon
  6430 | D:8      | Reached skill level 11 in Long Blades
  6591 | D:8      | Noticed a two-headed ogre
  6593 | D:8      | Reached XP level 10. HP: 47/76 MP: 10/10
  6604 | D:8      | Killed a two-headed ogre
  6637 | D:8      | Found a staircase to the Lair.
  6846 | D:8      | Found a transporter.
  6857 | D:8      | Found a transporter.
  6865 | D:8      | Reached skill level 12 in Long Blades
  6900 | D:8      | Found an iron altar of Okawaru.
  7073 | D:8      | Reached * piety under Nemelex Xobeh
  7410 | D:8      | Found a hazy altar of Hepliaklqana.
  7466 | D:8      | Noticed a moth of wrath
  7476 | D:8      | Noticed Pooter's ghost (novice MiBe)
  7836 | D:9      | Received a gift from Nemelex Xobeh
  8123 | D:9      | Found Zoj Xein's CLEARANCE SALE!.
  8138 | D:9      | Bought a scroll of poison for 16 gold pieces
  8138 | D:9      | Bought a potion of degeneration for 4 gold pieces
  8138 | D:9      | Bought a wand of mindburst (6) for 33 gold pieces
  8435 | D:9      | Found a sacrificial altar of Ru.
  8643 | D:9      | Found a basalt altar of Yredelemnul.
  8768 | D:10     | Entered Level 10 of the Dungeon
  8798 | D:10     | Reached skill level 1 in Evocations
  8827 | D:10     | Reached skill level 13 in Long Blades
  8962 | D:10     | Noticed an orange crystal statue
  8982 | D:10     | Noticed a cyclops
  9535 | D:10     | Identified the +1 mace "Quump" {vamp, rElec Dex+2}
  9803 | D:10     | Noticed a gargoyle
 10035 | D:10     | Noticed a brown ugly thing
 10451 | D:10     | HP: 1/76 [komodo dragon[an orange crystal statue] (20)]
 10667 | D:10     | Noticed Fannar
 10684 | D:10     | Killed Fannar
 10685 | D:10     | Reached XP level 11. HP: 12/81 MP: 12/12
 10903 | D:10     | Noticed a sixfirhy
 11197 | D:10     | Found a broken altar of Ashenzari.
 11413 | D:11     | Reached ** piety under Nemelex Xobeh
 11679 | D:11     | Reached skill level 14 in Long Blades
 11756 | D:11     | Noticed a manticore
 11766 | D:11     | Killed a manticore
 12058 | D:11     | Found a staircase to the Orcish Mines.
 12204 | D:11     | Identified the +0 cloak of the Untouchables {rElec}
 12265 | D:11     | Received a gift from Nemelex Xobeh
 12282 | D:11     | Reached skill level 5 in Evocations
 12298 | D:11     | Reached skill level 5 in Invocations
 12413 | D:11     | You fall into a shaft and drop 2 floors!
 12429 | D:13     | Noticed a boulder beetle
 12429 | D:13     | Noticed a centaur warrior
 12438 | D:13     | Killed a centaur warrior
 12444 | D:13     | Noticed a six-headed hydra
 12457 | D:12     | Noticed Lodul
 12464 | D:11     | HP: 1/81 [ogre/+0 giant spiked club[Lodul] (9)]
 12464 | D:11     | Demolished by an ogre

Illustrated notes

Levels and vault maps discovered:
D:1:      scummos_arrival_star, layout_loops_cross
D:2:      layout_loops_ring, serial_shops, nicolae_shop_drivethru, uniq_terence
D:3:      layout_basic, mainiacjoe_overflow_alcove_1, tso_metal_star,
          grunt_ministairs_9, interstate_on_off
D:4:      layout_cave_pools, mainiacjoe_overflow_boulevard,
          gammafunk_ghost_nasty_kobolds, nicolae_houndstooth_variations
D:5:      layout_rooms
D:6:      layout_loops_ring, mainiacjoe_overflow_alcove_2,
          nicolae_overflow_crystal_walls, lemuel_crystal_altar,
          lemuel_mausoleum_altar_kikubaaqudgha, temple_fountains, minmay_holes
D:7:      layout_cave_pools, minitemple, minmay_lizard_king, uniq_joseph
D:8:      layout_loops_ring, mainiacjoe_overflow_six_doors_small,
          nzn_hepliaklqana_mist_gate, erik_lair_orcish_takeover,
          gammafunk_ghost_berserking_beasts, st_stairs_2,
          hangedman_abyss_or_decor_stagger
D:9:      layout_cave_pools, nicolae_ru_awakened_eye, overflow_temple_1_default,
          nicolae_shop_clearance
D:10:     layout_roguey, lemuel_coloured_pillars_altar, minmay_protected_statue,
          uniq_fannar
D:11:     layout_basic, david_orc_4
D:12:     layout_irregular_city, serial_shops, shop, small_statue_alley_a,
          uniq_lodul, uniq_nergalle
D:13:     layout_roguey, portal_ice_cave_entry_pillars_2, grunt_livestock,
          uniq_urug
Temple:   nicolae_temple_superstar

Skill      XL: |  1  2  3  4  5  6  7  8  9 10 11 |
---------------+----------------------------------+-----
Ranged Weapons | 4 5 7 8 |  8.7
Dodging        | 3 4 5 6 |  6.5
Armour         | 1 |  1.0
Fighting       | 3 6 |  6.0
Long Blades    | 2 6 10 11 13 14 | 14.8
Evocations     | 2 5 |  5.1
Invocations    | 2 5 |  5.0
Stealth        | 2 |  2.0

Action                     |  1- 3 |  4- 6 |  7- 9 | 10-12 || total
---------------------------+-------+-------+-------+-------++-------
  Melee: Long sword        |       |    62 |   296 |   129 ||   487
         Punch             |       |     1 |     6 |     4 ||    11
         Great sword       |       |       |       |   388 ||   388
   Fire: Shortbow          |   102 |   180 |     7 |       ||   289
         Sling             |       |       |    66 |   145 ||   211
  Throw: Boomerang         |       |     3 |       |       ||     3
 Invoke: Draw Destruction  |       |       |       |     1 ||     1
         Draw Escape       |       |       |       |     1 ||     1
  Evoke: Wand              |       |       |       |     2 ||     2
    Use: Potion            |       |     3 |       |    10 ||    13
         Scroll            |       |     2 |       |    29 ||    31
   Stab: Sleeping          |       |       |     2 |       ||     2
         Paralysed         |       |       |       |     5 ||     5
         Invisible         |       |       |       |     3 ||     3
         Distracted        |       |       |       |     1 ||     1
 Armour: Leather armour    |    26 |       |       |       ||    26
         Ring mail         |    17 |   159 |   225 |    95 ||   496
         Scale mail        |     6 |       |       |       ||     6
         Acid dragon scale |       |       |       |   272 ||   272
  Dodge: Dodged            |    54 |   151 |   206 |   586 ||   997
  Block: Other             |       |       |    13 |   122 ||   135
         Reflection        |       |       |       |     5 ||     5
